 Dungeon Crawl Stone Soup version 0.18.1-50-g88ac8fd (webtiles) character file.

1769 Peloso the Slasher (level 8, 0/70 HPs)
             Began as a Minotaur Fighter on Oct 14, 2016.
             Was an Initiate of Okawaru.
             Killed by divine providence
             ... invoked by an orc priest
              (12 damage)
             ... on level 4 of the Dungeon.
             The game lasted 00:08:46 (3719 turns).

Peloso the Slasher (Minotaur Fighter)               Turns: 3719, Time: 00:08:46

Health: 0/70       AC: 11    Str: 22    XL:     8   Next: 80%
Magic:  7/7        EV:  8    Int:  5    God:    Okawaru [......]
Gold:   96         SH: 11    Dex: 11    Spells: 0 memorised, 7 levels left

rFire  + . .     SeeInvis .     a - +0 long sword
rCold  . . .     Gourm    .     A - +1 chain mail {rPois}
rNeg   . . .     Faith    .     c - +0 shield
rPois  +         Spirit   .     (helmet restricted)
rElec  .         Dismiss  .     (no cloak)
rCorr  .         Reflect  .     (no gloves)
SustAt .         Harm     .     (no boots)
MR     .....                    (no amulet)
Stlth  ..........               q - ring of protection from fire
                                j - ring of poison resistance

@: not resistant to hostile enchantments, extremely unstealthy
A: retaliatory headbutt, horns 2
a: Renounce Religion


You were on level 4 of the Dungeon.
You worshipped Okawaru.
Okawaru was noncommittal.
You were hungry.

You visited 2 branches of the dungeon, and saw 7 of its levels.

You collected 96 gold pieces.

Inventory:

Hand Weapons
 a - a +0 long sword (weapon)
 z - a cursed -3 spear
Armour
 b - a +0 scale mail
 c - a +0 shield (worn)
 p - a +0 chain mail of fire resistance
 A - a +1 chain mail of poison resistance (worn)
Jewellery
 j - a ring of poison resistance (left hand)
 q - a ring of protection from fire (right hand)
Scrolls
 d - 2 scrolls of magic mapping {unknown}
 g - 3 scrolls of enchant weapon {unknown}
 i - 2 scrolls of blinking {unknown}
 m - a scroll of enchant armour {unknown}
 n - a scroll of recharging {unknown}
 s - a scroll of noise {unknown}
 t - 2 scrolls of remove curse {unknown}
 v - a scroll of fog {unknown}
 y - a scroll of fear {unknown}
 B - a scroll of identify {unknown}
Potions
 e - 4 potions of curing {unknown}
 h - a potion of resistance {unknown}
 k - a potion of heal wounds {unknown}
 l - a potion of invisibility {unknown}
 o - 2 potions of agility {unknown}
 u - a potion of cancellation {unknown}
 w - a potion of brilliance {unknown}
Comestibles
 f - 3 bread rations
 r - 2 fruits
 x - a beef jerky
 C - a chunk of flesh


   Skills:
 + Level 6.0 Fighting
 + Level 7.5 Long Blades
 + Level 7.4 Armour
 + Level 4.8 Dodging
 + Level 0.1 Stealth
 + Level 7.1 Shields


You had 7 spell levels left.
You didn't know any spells.

Dungeon Overview and Level Annotations

Branches:
Dungeon (6/15)             Temple (1/1) D:5

Altars:
Cheibriados
Makhleb
Okawaru
Pakellas
Ru
Trog
Vehumet
Zin
The Shining One

Annotations:
D:4 Robin
D:6 Dioneo's ghost, novice HuGl


Innate Abilities, Weirdness & Mutations

You reflexively headbutt those who attack you in melee.
You have a pair of horns on your head.


Message History

You slash the goblin!
You kill the goblin!
Okawaru accepts your kill. You block the goblin's attack.
The orc priest invokes the aid of Beogh against you.
Beogh smites you!
* * * LOW HITPOINT WARNING * * *
You slash the hobgoblin!
You kill the hobgoblin!
Okawaru accepts your kill. You block the goblin's attack.
Unknown command.
The hobgoblin shouts!
The goblin no longer looks unusually strong.
Items here: ( )))) † You hit the orc priest but do no damage.
Your headbutt misses the orc priest. You block the goblin's attack.
The orc priest mumbles some strange prayers to Beogh against you.
Beogh smites you!
You die... .... .... .Z. #go

#g#
#Z#
#g#
#o#
#@#
#g#
#†#
#.#
#.#
#.#
#.#
.
#.#
.#
#.#


You could see Robin, an orc priest, an orc wizard, 2 hobgoblins, a goblin, an
adder skeleton and a jackal skeleton.

Vanquished Creatures
  3 yaks (D:6)
  Edmund (D:5)
  A sky beast (D:6)
  An ice beast (D:5)
  An ogre (D:5)
  A centaur (D:5)
  A howler monkey (D:6)
  4 jellies
  A giant frog zombie (D:5)
  6 orc priests
  Terence (D:2)
  Jessica (D:2)
  An iguana (D:5)
  5 orc wizards
  2 worker ants
  A hound skeleton (D:5)
  6 gnolls
  8 adders
  A shadow imp (D:5)
  An ooze (D:2)
  An adder skeleton (D:5)
  A worm (D:2)
  A dart slug (D:2)
  A giant gecko (D:5)
  10 orcs
  8 bats
  2 giant cockroaches
  14 goblins
  13 hobgoblins
  3 jackals (D:2)
  4 quokkas
  2 ball pythons (D:1)
  A ball python zombie (D:5)
  6 giant newts
  5 kobolds
  5 rats (D:1)
124 creatures vanquished.

Vanquished Creatures (others)
  2 orc warriors (D:6)
  An ogre (D:6)
  2 worker ants (D:6)
  A giant gecko (D:6)
  An orc (D:6)
  2 quokkas (D:6)
9 creatures vanquished.

Grand Total: 133 creatures vanquished

Notes
Turn   | Place    | Note
--------------------------------------------------------------
     0 | D:1      | Peloso the Minotaur Fighter began the quest for the Orb.
     0 | D:1      | Reached XP level 1. HP: 19/19 MP: 0/0
    89 | D:1      | Reached XP level 2. HP: 27/27 MP: 1/1
   379 | D:1      | Reached XP level 3. HP: 33/33 MP: 2/2
   601 | D:2      | Found an oddly glowing altar of Pakellas.
   667 | D:2      | Reached skill level 1 in Dodging
   850 | D:2      | Reached XP level 4. HP: 35/40 MP: 3/3
  1145 | D:2      | Noticed Jessica
  1150 | D:2      | Killed Jessica
  1164 | D:2      | Noticed Terence
  1172 | D:2      | Killed Terence
  1260 | D:2      | Reached XP level 5. HP: 46/46 MP: 4/4
  1595 | D:3      | You fall through a shaft for 3 floors!
  1595 | D:6      | Found a glowing silver altar of Zin.
  1595 | D:6      | Noticed a yak
  1595 | D:6      | Noticed a yak
  1595 | D:6      | Noticed a yak
  1602 | D:6      | Killed an orc warrior
  1603 | D:6      | Killed a yak
  1603 | D:6      | Reached skill level 5 in Armour
  1603 | D:6      | Reached skill level 5 in Shields
  1603 | D:6      | Reached XP level 6. HP: 48/53 MP: 5/5
  1604 | D:6      | Killed an orc warrior
  1605 | D:6      | Killed a yak
  1610 | D:6      | Killed a yak
  1610 | D:6      | Reached skill level 5 in Fighting
  1610 | D:6      | Reached skill level 5 in Long Blades
  1610 | D:6      | Reached XP level 7. HP: 42/61 MP: 6/6
  1836 | D:6      | Noticed Dioneo's ghost (novice HuGl)
  1837 | D:5      | Entered Level 5 of the Dungeon
  2097 | D:5      | Reached XP level 8. HP: 68/68 MP: 7/7
  2172 | D:5      | Noticed Edmund
  2173 | D:5      | Found a staircase to the Ecumenical Temple.
  2198 | D:5      | Killed Edmund
  2224 | Temple   | Entered the Ecumenical Temple
  2255 | Temple   | Became a worshipper of Warmaster Okawaru
  2406 | D:5      | Found an iron altar of Okawaru.
  3502 | D:5      | Found a bloodstained altar of Trog.
  3693 | D:4      | Noticed Robin
  3719 | D:4      | Killed from afar by an orc priest

Skill      XL: |  1  2  3  4  5  6  7  8 |
---------------+-------------------------+-----
Long Blades    | 3 4 5 6 7 |  7.5
Shields        | 4 5 6 7 |  7.1
Fighting       | 4 5 6 |  6.0
Armour         | 4 5 6 7 |  7.4
Dodging        | 1 2 3 4 |  4.8
Stealth        | |  0.1

Action                   |  1- 3 |  4- 6 |  7- 9 || total
-------------------------+-------+-------+-------++-------
Melee: Long sword        |    92 |    69 |   205 ||   366
       Headbutt          |    10 |    18 |    34 ||    62
  Use: Potion            |       |     1 |       ||     1
  Eat: Chunk             |       |     1 |     8 ||     9
Armor: Scale mail        |    55 |     6 |       ||    61
       Chain mail        |       |    20 |    79 ||    99
Dodge: Dodged            |    42 |    20 |    43 ||   105
Block: Shield            |    70 |    38 |    85 ||   193
